 Dungeon Sprint DCSS version 0.18-a0-1303-g41c131c (webtiles) character file.

123 pipel the Zephyrmancer (level 5, -9/28 HPs)
             Began as a Tengu Air Elementalist on Feb 12, 2016.
             Was an Initiate of Vehumet.
             Killed by miscasting Lightning Bolt (30 damage)
             ... in the Dungeon (Sprint IX: "|||||||||||||||||||||||||||||").
             The game lasted 00:01:43 (180 turns).

pipel the Zephyrmancer (Tengu Air Elementalist)      Turns: 180, Time: 00:01:44

Health: -9/28      AC:  8    Str:  9    XL:     5   Next: 7%
Magic:  2/12       EV: 18    Int: 16    God:    Vehumet [......]
Gold:   0          SH:  0    Dex: 14    Spells: 5 memorised, 0 levels left

rFire  . . .     SeeInvis .     a - +2 morningstar (protect)
rCold  . . .     Gourm    .     p - +0 robe
rNeg   . . .     Faith    .     (no shield)
rPois  .         Spirit   .     (helmet restricted)
rElec  .         Dismiss  .     r - +0 cloak
rCorr  .         Reflect  .     (no gloves)
SustAt .         Harm     .     (boots unavailable)
MR     .....     NoTele   +     (no amulet)
Stlth  ++........               u - +2 ring of evasion
                                t - +2 ring of evasion

@: very slightly contaminated, not resistant to hostile enchantments, unstealthy
A: beak, talons 3, able to fly 1
a: Fly, Renounce Religion


You were in the Dungeon.
You worshipped Vehumet.
Vehumet was noncommittal.
You were not hungry.

You visited 1 branch

Inventory:

Hand Weapons
 a - a +2 morningstar of protection (weapon)
 k - a +0 club
 q - a +2 scimitar of flaming
Armour
 p - a +0 robe (worn)
 r - a +0 cloak (worn)
 s - a +2 ring mail
Magical Staves
 b - an uncursed staff of energy
Jewellery
 t - a +2 ring of evasion (left hand)
 u - a +2 ring of evasion (right hand)
Wands
 n - a wand of lightning (7/15)
Scrolls
 i - 2 scrolls of blinking
 l - 3 scrolls of remove curse
 m - 2 scrolls of amnesia
Potions
 d - 5 potions of curing
 e - 3 potions of heal wounds
 f - a potion of haste
 g - 4 potions of magic
 h - a potion of invisibility
Books
 o - a book of Air

   Spells                             Type                      Level
   a - Shock                          Conjuration/Air              1
   b - Swiftness                      Charms/Air                   2
   c - Repel Missiles                 Charms/Air                   2
   d - Static Discharge               Conjuration/Air              3
   e - Lightning Bolt                 Conjuration/Air              5
Comestibles
 c - a bread ration
 j - 6 chunks of flesh


   Skills:
 + Level 4.4 Dodging
 - Level 2.0 Stealth
 + Level 4.5 Spellcasting
 + Level 3.0 Conjurations
 + Level 10.2 Air Magic


You couldn't memorise any spells.
You knew the following spells:

 Your Spells              Type           Power        Failure   Level  Hunger
a - Shock                 Conj/Air       ###.         1%          1    None
b - Repel Missiles        Chrm/Air       ###...       3%          2    ##.....
c - Swiftness             Chrm/Air       ###.....     3%          2    ##.....
d - Static Discharge      Conj/Air       ###.....     3%          3    ###....
e - Lightning Bolt        Conj/Air       ###.......   34%         5    ######.


Dungeon Overview and Level Annotations

Branches:
Dungeon (1/1)

Altars:
Cheibriados
Dithmenos
Elyvilon
Fedhas
Gozag
Kikubaaqudgha
Makhleb
Nemelex Xobeh
Okawaru
Pakellas
Qazlal
Ru
Sif Muna
Trog
Vehumet
Xom
Yredelemnul
Zin
The Shining One
Beogh
Jiyva
Lugonu


Innate Abilities, Weirdness & Mutations

You have a beak for a mouth.
You have claws for feet.
You can fly.


Message History

You miscast Lightning Bolt.
You are very lightly contaminated with residual magic.
Wisps of vapour drift from your hands. The hungry ghost hits you.
You feel a lot more hungry.
You now have 7/12 mp.
Unknown command.
Casting: Lightning Bolt
Confirm with . or Enter, or press ? or * to list all spells.
The spell is very dangerous to cast!
Continue anyway?
Okay, then.
Casting: Lightning Bolt
Confirm with . or Enter, or press ? or * to list all spells.
The spell is very dangerous to cast!
Continue anyway?
Aiming: Lightning Bolt
Press: ? - help, Shift-Dir - straight line, f/p - hungry ghost
Aim: a hungry ghost You miscast Lightning Bolt.
You are blasted with magical energy!
Ouch! That really hurt!
You die...

▓S▓
▓.▓
▓a▓
▓W▓
▓l▓
▓F▓
▓W▓
▓@▓
▓.▓
▓.▓
▓.▓
▓[▓
▓)▓
▓.▓
▓.▓
▓.▓


You could see a phantom, a hungry ghost, a giant frog, a worker ant, an adder
and a giant gecko.

Vanquished Creatures
  A sky beast (D)
  An orc wizard (D)
  A giant cockroach (D)
  2 goblins (D)
  A hobgoblin (D)
  A jackal (D)
  A ball python zombie (D)
  A bat (D)
  A rat (D)
10 creatures vanquished.

Notes
Turn   | Place    | Note
--------------------------------------------------------------
     0 | D        | pipel the Tengu Air Elementalist began the quest for the Orb.
     0 | D        | Reached XP level 1. HP: 10/10 MP: 4/4
     5 | D        | Reached skill level 5 in Air Magic
    49 | D        | Noticed a sky beast
    49 | D        | Noticed an orc wizard
    52 | D        | Reached XP level 2. HP: 15/15 MP: 1/6
    57 | D        | Reached skill level 7 in Air Magic
    57 | D        | Reached XP level 3. HP: 19/19 MP: 0/8
    64 | D        | Killed a sky beast
    64 | D        | Reached skill level 10 in Air Magic
    64 | D        | Reached XP level 4. HP: 12/24 MP: 1/11
    64 | D        | Gained mutation: You can fly. [Tengu growth]
    64 | D        | Reached XP level 5. HP: 14/28 MP: 1/12
    73 | D        | Found a glowing silver altar of Zin.
    73 | D        | Found a glowing golden altar of the Shining One.
    73 | D        | Found an ancient bone altar of Kikubaaqudgha.
    73 | D        | Found a basalt altar of Yredelemnul.
    73 | D        | Found a shimmering altar of Xom.
    73 | D        | Found a radiant altar of Vehumet.
    74 | D        | Found an iron altar of Okawaru.
    75 | D        | Found a burning altar of Makhleb.
    76 | D        | Found a deep blue altar of Sif Muna.
    77 | D        | Found a bloodstained altar of Trog.
    78 | D        | Found a sparkling altar of Nemelex Xobeh.
    79 | D        | Found a white marble altar of Elyvilon.
    80 | D        | Found a roughly hewn altar of Beogh.
    81 | D        | Became a worshipper of Vehumet
    83 | D        | Found a viscous altar of Jiyva.
    84 | D        | Found a corrupted altar of Lugonu.
    85 | D        | Found a blossoming altar of Fedhas.
    86 | D        | Found a snail-covered altar of Cheibriados.
    87 | D        | Found a shadowy altar of Dithmenos.
    88 | D        | Found a stormy altar of Qazlal.
    89 | D        | Found an opulent altar of Gozag.
    90 | D        | Found a sacrificial altar of Ru.
    91 | D        | Found an oddly glowing altar of Pakellas.
   165 | D        | Learned a level 2 spell: Repel Missiles
   168 | D        | Learned a level 2 spell: Swiftness
   172 | D        | Learned a level 3 spell: Static Discharge
   178 | D        | Learned a level 5 spell: Lightning Bolt
   178 | D        | Noticed a phantom
   178 | D        | Noticed a hungry ghost
   180 | D        | Killed by miscasting Lightning Bolt

Vault maps used:
D:        linesprint

Action                   |  1- 3 |  4- 6 || total
-------------------------+-------+-------++-------
Melee: Club              |    10 |       ||    10
 Cast: Shock             |     7 |       ||     7
 Abil: Fly               |       |     1 ||     1
  Use: Potion            |     1 |       ||     1
